 Dungeon Crawl Stone Soup version 0.30.0-30-g96aa6591b8 (webtiles) character file.

Game seed: 17739505094177742875

42 7w4c the Trooper (level 3, -7/33 HPs)
             Began as a Hill Orc Berserker on June 28, 2023.
             Was a Believer of Trog.
             Mangled by a gnoll
             ... wielding a +0 whip
              (9 damage)
             ... on level 2 of the Dungeon.
             The game lasted 00:02:51 (946 turns).

7w4c the Trooper (Hill Orc Berserker)                Turns: 946, Time: 00:02:52

Health: -7/33      AC:  2    Str: 21    XL:     3   Next: 56%
Magic:  3/3        EV: 12    Int:  7    God:    Trog [**....]
Gold:   75         SH:  0    Dex: 10    Spells: 2/2 levels left

rFire   . . .        a - +0 spear
rCold   . . .        (no shield)
rNeg    . . .        b - +0 animal skin
rPois   .            (no helmet)
rElec   .            (no cloak)
rCorr   .            (no gloves)
SInv    .            (no boots)
Will    .....        (no amulet)
Stlth   +            (no ring)
HPRegen 0.25/turn    (no ring)
MPRegen 0.08/turn

%: no passive effects
@: no status effects
A: no striking features
a: Renounce Religion, Berserk, Trog's Hand


You were on level 2 of the Dungeon.
You worshipped Trog.
Trog was pleased with you.
You visited 1 branch of the dungeon, and saw 2 of its levels.

You collected 75 gold pieces.

Inventory:

Hand Weapons
 a - a +0 spear (weapon)
Missiles
 d - 4 stones (quivered)
Armour
 b - a +0 animal skin (worn)
Scrolls
 c - a scroll of teleportation {unknown}


   Skills:
 + Level 4.2 Fighting
 + Level 4.2 Polearms
 + Level 2.3 Armour
 + Level 1.8 Dodging


You had 2 spell levels left.
You didn't know any spells.
Your spell library contained the following spells:

 Spells                   Type           Power      Damage    Failure   Level
 Magic Dart               Conj           0%         1d3       43%         1
 Call Imp                 Summ           0%         N/A       56%         2
 Mephitic Cloud           Conj/Pois/Air  0%         N/A       80%         3


Dungeon Overview and Level Annotations

Branches:
Dungeon (2/15)

Altars:

Shops:
D:1 *


Message History

The gnoll hits you with a +0 whip.
You hit the gnoll but do no damage.
The gnoll is heavily wounded.
The gnoll hits you with a +0 whip.
You barely miss the gnoll.
The gnoll is heavily wounded.
The gnoll barely misses you.
You hit the gnoll.
The gnoll is severely wounded.
The gnoll hits you with a +0 whip.
You hit the gnoll but do no damage.
The gnoll is severely wounded.
You barely miss the gnoll.
The gnoll is severely wounded.
The gnoll hits you with a +0 whip.
You hit the gnoll.
The gnoll is severely wounded.
The gnoll hits you with a +0 whip!
You hit the gnoll.
The gnoll is almost dead.
The gnoll hits you with a +0 whip.
You hit the gnoll but do no damage.
The gnoll is almost dead.
The gnoll hits you with a +0 whip.
* * * LOW HITPOINT WARNING * * *
You hit the gnoll.
You kill the gnoll!
Trog accepts your kill.
You can now call upon Trog for regeneration and willpower.
You barely miss the gnoll.
The gnoll is almost dead.
The gnoll misses you.
You closely miss the gnoll.
The gnoll is almost dead.
The gnoll hits you with a +0 whip.
* * * LOW HITPOINT WARNING * * *
You hit the gnoll.
The gnoll is almost dead.
The gnoll hits you with a +0 whip!
You die...

. ...
.....########
.....gg@....#
......#####.#
..... ### #.#
##.. #..##.#
... #.##..#
## #.##.##
#....#
########..###
##.
##.).......#


You could see 2 gnolls.

Vanquished Creatures
  A gnoll (D:2)
  4 ball pythons (D:1)
  A bat (D:1)
  3 endoplasms (D:1)
  3 giant cockroaches (D:1)
  2 goblins (D:1)
  4 hobgoblins (D:1)
  3 jackals (D:2)
  3 kobolds (D:1)
  A quokka (D:1)
  2 rats
27 creatures vanquished.

Notes
Turn   | Place    | Note
-------+----------+-------------------------------------------
     0 | D:1      | 7w4c the Hill Orc Berserker began the quest for the Orb.
     0 | D:1      | Reached XP level 1. HP: 19/19 MP: 1/1
   122 | D:1      | Reached XP level 2. HP: 10/27 MP: 2/2
   132 | D:1      | Found Ilymib's General Store.
   364 | D:1      | Found a faded altar of an unknown god.
   486 | D:1      | Reached XP level 3. HP: 27/33 MP: 3/3
   943 | D:2      | Reached ** piety under Trog
   946 | D:2      | Mangled by a gnoll

Illustrated notes

Levels and vault maps discovered:
D:1:      dpeg_arrival_pits, layout_basic, shapermc_ecumenical_altar_notcrosses,
          serial_shops, nicolae_diamond_shop
D:2:      layout_rooms, serial_bayou, serial_bayou_shore_b, serial_bayou_lake_a,
          serial_bayou_lagoon_a, serial_bayou_pond_c, uniq_robin

Skill      XL: |  1  2  3 |
---------------+----------+-----
Fighting       | 4 |  4.2
Polearms       | 4 |  4.2
Armour         | |  2.3
Dodging        | |  1.8

Action                     || total
---------------------------++-------
  Melee: Spear             ||   125
         Punch             ||     1
 Armour: Animal skin       ||    16
  Dodge: Dodged            ||    57
